Cogmind - Beta 15 @@@ ROGUE MODE // 2025.06.22 @ 09:55:06 Player: McSaucyNugget Result: Destroyed by IH-VTO(R) with Subdweller Machine Gun Performance ------------- Evolutions (0) 0 Regions Visited (2) 400 Robots Destroyed (24) 120 Value Destroyed (562) 562 Prototype IDs (0) 0 Alien Tech Used (0) 0 Bonus (0) 0 TOTAL SCORE: 1082 Bonus ------- None Cogmind --------- Core Integrity 0/250 Matter 284/300 Energy 200/200 System Corruption 0% Temperature Cool (0) Movement Rolling (215) Ox9 Location -10/Subcaves Parts ------- > --- POWER (1) -------- Subdweller Power Source > --- PROPULSION (2) --- Wheel > --- UTILITY (2) ------ Huge Storage Unit > --- WEAPON (2) ------- Subdweller Machine Gun Subdweller Machine Gun > --- INVENTORY (25) --- Light Ion Engine Light Treads Light Treads Light Treads Spiked Treads Wheel Wheel Wheel Compact Wheel Subdweller Monowheel Small Storage Unit Medium Storage Unit Riot Gun Medium Laser Light Assault Rifle Light Assault Rifle Grenade Launcher Grenade Launcher Grenade Launcher Grenade Launcher Grenade Launcher Grenade Launcher Multitool Peak State ------------ > --- POWER ------------ Subdweller Power Source > --- PROPULSION ------- Subdweller Monowheel Subdweller Monowheel > --- UTILITY ---------- Huge Storage Unit > --- WEAPON ----------- Medium Laser Subdweller Machine Gun > --- INVENTORY -------- Light Treads Light Treads Light Treads Wheel Wheel Wheel Compact Wheel Subdweller Monowheel Small Storage Unit Medium Storage Unit Subdweller Beam Cannon Light Assault Rifle Light Assault Rifle Grenade Launcher Grenade Launcher Grenade Launcher Grenade Launcher Grenade Launcher Grenade Launcher [Rating: 12] Favorites ----------- Power Subdweller Power Source Engine Subdweller Power Source Propulsion Wheel Treads Light Treads Leg Aluminum Leg Wheel Wheel Utility Huge Storage Unit Storage Huge Storage Unit Weapon Medium Laser Energy Gun Medium Laser Energy Cannon Subdweller Beam Cannon Ballistic Gun Subdweller Machine Gun Launcher Grenade Launcher Build | -11 -10 -10 ------- Run | Yrd Mat Sub Slots Evolved . | . . . Power . | . . . Propulsion . | . . . Utility . | . . . Weapon . | . . . Parts Attached 23 | 10 4 9 Power 4 | 1 1 2 Engine 4 | 1 1 2 Core . | . . . Reactor . | . . . Propulsion 9 | 6 . 3 Treads 2 | 2 . . Leg 2 | 2 . . Wheel 5 | 2 . 3 Hover . | . . . Flight . | . . . Utility 3 | 1 2 . Device . | . . . Storage 3 | 1 2 . Processor . | . . . Hackware . | . . . Protection . | . . . Artifact . | . . . Weapon 7 | 2 1 4 Energy Gun 1 | 1 . . Energy Cannon 1 | . . 1 Ballistic Gun 4 | 1 . 3 Ballistic Cannon . | . . . Launcher 1 | . 1 . Special Weapon . | . . . Impact Weapon . | . . . Slashing Weapon . | . . . Piercing Weapon . | . . . Special Melee Weapon . | . . . Unidentified Prototypes . | . . . Parts Lost 3 | . 1 2 Power 2 | . 1 1 Propulsion 1 | . . 1 Utility . | . . . Weapon . | . . . Highest Loss Streak 1 | . 1 1 To Critical Strikes . | . . . Average Backups 13 | 1 6 18 Power . | . . . Propulsion 5 | 1 2 6 Utility 1 | . . 2 Weapon 6 | . 3 9 Tool/Special . | . . . Unused Backups 15 | . . 15 Power 1 | . . 1 Propulsion 6 | . . 6 Utility . | . . . Weapon 7 | . . 7 Tool/Special 1 | . . 1 Average Slot Usage (%) 84 | . 85 84 Engine 13 | . 14 13 Treads 6 | . 19 . Wheel 21 | . 8 27 Storage 14 | . 14 14 Energy Gun 11 | . 14 10 Energy Cannon 1 | . . 1 Ballistic Gun 12 | . 10 12 Launcher 2 | . 3 2 Peak Build Rating 12 | 6 8 12 Average Rating 8 | 4 6 9 On Entrance 4 | . 6 7 Naked Turns . | . . . Heaviest Build 95 | 13 88 95 Greatest Support 40 | 40 40 40 Greatest Overweight (x) 9 | . 3 9 Average Overweight (x) 2 | . 1 3 Largest Inventory Capacity 25 | 8 25 25 Average Capacity 20 | 7 13 25 Most Carried 23 | 3 15 23 Average Carried 13 | 1 7 18 Final Capacity 25 | 8 25 25 Final Carried 23 | 3 15 23 Class Distribution -------------------- 100% | Mutant Dominant Class ---------------- Mutant | -10/Materials Mutant | -10/Subcaves Resources | -11 -10 -10 ----------- Run | Yrd Mat Sub Matter Collected 683 | 221 20 442 Remotely . | . . . Salvage Created 482 | 13 329 140 Parts 48 | 4 32 12 Haulers Intercepted 1 | . 1 . Recyclers Shooed . | . . . Parts Field Recycled . | . . . Retrieved Matter . | . . . Parts Self-Destructed 14 | . . 14 Prevented . | . . . Kills | -11 -10 -10 ------- Run | Yrd Mat Sub Combat Hostiles Destroyed 15 | . 11 4 Guns 7 | . 4 3 AOE 8 | . 7 1 Classes Destroyed 9 | 2 6 1 Worker 4 | 1 3 . Builder 2 | . 2 . Tunneler 1 | 1 . . Hauler 1 | . 1 . Watcher 1 | . 1 . Swarmer 3 | . 3 . Grunt 5 | . 5 . Artisan 2 | . . 2 Subdweller 7 | . 3 4 Best Kill Streak 5 | 1 5 1 Combat Bots Only 3 | . 3 1 Max Kills in Single Turn 3 | 1 3 1 Gunslinging . | . . . Exploded 2 | . 2 1 Melee . | . . . Uniques/NPCs Destroyed . | . . . Combat | -11 -10 -10 -------- Run | Yrd Mat Sub Hostile Shots Fired 50 | . 28 22 Missed 11 | . 8 3 Hits 39 | . 20 19 Projectile 39 | . 20 19 Critical Strikes 2 | . 1 1 Damage Taken 800 | . 405 395 Core 255 | . 115 140 Absorbed by Shields . | . . . Core Remaining (%) 100 | 100 . . Volleys Fired 73 | 1 23 49 Largest 2 | 2 2 2 Hottest 110 | 70 70 110 Shots Fired 115 | 2 39 74 Gun 98 | 2 32 64 Cannon 5 | . . 5 Launcher 12 | . 7 5 Special . | . . . Kinetic 65 | 1 16 48 Thermal 38 | 1 16 21 Explosive 12 | . 7 5 Electromagnetic . | . . . Robot Hit Streak 10 | 2 7 10 Robot Miss Streak 3 | . 3 2 Penetration Max . | . . . Secondary Targets 2 | . 1 1 Max Gunslinging Chain 1 | . 1 1 Shots Hit Robots 59 | 2 25 32 Core Hits 39 | 2 27 10 Critical Kills . | . . . Critical Parts Destroyed . | . . . Critical Strikes 3 | . 2 1 Burn 3 | . 2 1 Melee Attacks . | . . . Impact . | . . . Slashing . | . . . Piercing . | . . . Sneak Attacks . | . . . Combat Hostiles . | . . . Follow-up Attacks . | . . . Damage Inflicted 1686 | 22 992 672 Guns 639 | 19 199 421 Cannons . | . . . Explosions 1044 | . 793 251 Melee . | . . . Ramming 3 | 3 . . Kinetic 379 | 7 63 309 Thermal 260 | 12 136 112 Explosive 1044 | . 793 251 Electromagnetic . | . . . Impact . | . . . Slashing . | . . . Piercing . | . . . Highest Corruption . | . . . Average Corruption . | . . . Corruption Purged . | . . . Corruption Blocked . | . . . Overload Shots . | . . . Overflow Damage 40 | . 40 . Projectiles . | . . . Explosions 40 | . 40 . Melee . | . . . Knockbacks . | . . . Impact . | . . . Kinetic . | . . . Secondary . | . . . Self-Inflicted Damage 163 | . 163 . Shots 4 | . 4 . Rammed . | . . . Targets Rammed 1 | 1 . . Kicked . | . . . Crushed 1 | 1 . . Highest Temperature 132 | 30 132 . Average Temperature 37 | 19 38 . Received Heat Transfer 114 | . 114 . Siege Activations . | . . . Martial Activations . | . . . Shielding Activations . | . . . Robots Disrupted . | . . . Combat Hostiles . | . . . Robots Corrupted . | . . . Combat Hostiles . | . . . Parts Fried . | . . . Impact Corruptions . | . . . Robots Melted . | . . . Combat Hostiles . | . . . Parts Melted 2 | . 2 . Heat Transferred 999 | 37 555 407 Parts Sabotaged . | . . . Parts Stolen . | . . . Parts Stripped . | . . . Power Chain Reactions . | . . . Alert | -11 -10 -10 ------- Run | Yrd Mat Sub Maximum Alert Level . | . . . Low Security (%) 100 | 100 100 . Level 1 . | . . . Level 2 . | . . . Level 3 . | . . . Level 4 . | . . . Level 5 . | . . . High Security . | . . . Max Security . | . . . Peak Influence 144 | 5 144 . Initial 3 | . 3 . Average 56 | . 68 . Influence Increases 365 | 10 355 . Destroy 0b10 Robot/C 160 | . 160 . Destroy 0b10 Robot/NC 45 | 10 35 . Destroy Leader 34 | . 34 . Disable Machine 45 | . 45 . Destroy Structure 51 | . 51 . Lose Combat Pursuer 30 | . 30 . Influence Decreases 365 | 5 253 107 Entered New Map 54 | . 2 52 Time Decay 301 | 5 241 55 Lost Part 10 | . 10 . Squads Dispatched 2 | . 2 . Investigation 1 | . 1 . Extermination . | . . . Reinforcement 1 | . 1 . Assault . | . . . Garrison . | . . . Intercept . | . . . Searches Triggered . | . . . Construction Impeded . | . . . Haulers Reinforced . | . . . Active Scanning Responses . | . . . Cargo Convoy Interrupts . | . . . Stealth | -11 -10 -10 --------- Run | Yrd Mat Sub Distress Signals . | . . . Communications Jammed . | . . . Distress Signals . | . . . Times Spotted 23 | . 17 6 Peak Tracking Total 3 | . 3 3 Tactical Retreats 1 | . 1 . Traps | -11 -10 -10 ------- Run | Yrd Mat Sub Traps Triggered 1 | . 1 . Indirectly . | . . . Trap Hack Attempts . | . . . Triggered . | . . . Disarmed . | . . . Reprogrammed . | . . . Reused . | . . . Traps Extracted . | . . . Installed . | . . . Triggered . | . . . Machines | -11 -10 -10 ---------- Run | Yrd Mat Sub Machines Disabled 3 | . 3 . Max in Single Turn 2 | . 2 . Machines Repaired . | . . . Machines Dismantled . | . . . Machines Sabotaged . | . . . Overloaded Fab Kills . | . . . Hacking | -11 -10 -10 --------- Run | Yrd Mat Sub Machines Accessed 1 | . 1 . Terminals 1 | . 1 . Fabricators . | . . . Repair Stations . | . . . Recycling Units . | . . . Scanalyzers . | . . . Garrison Access . | . . . Total Hacks 1 | . 1 . Successful . | . . . Failed 1 | . 1 . Catastrophic . | . . . Database Lockouts . | . . . Manual . | . . . Terminals 1 | . 1 . Fabricators . | . . . Repair Stations . | . . . Recycling Units . | . . . Scanalyzers . | . . . Garrison Access . | . . . Terminal Hacks . | . . . Fabricator Hacks . | . . . Repair Station Hacks . | . . . Recycling Unit Hacks . | . . . Scanalyzer . | . . . Garrison Access Hacks . | . . . Unauthorized Hacks . | . . . Terminals . | . . . Fabricators . | . . . Repair Stations . | . . . Recycling Units . | . . . Scanalyzers . | . . . Garrison Access . | . . . Data Cores Recovered . | . . . Used . | . . . Hacking Detections 1 | . 1 . Full Trace Events . | . . . Feedback Events . | . . . Feedback Blocked . | . . . Robot Schematics Acquired . | . . . Robots Built . | . . . Authchips . | . . . Time . | . . . Total Robot Build Rating . | . . . Part Schematics Acquired . | . . . Parts Built . | . . . Authchips . | . . . Time . | . . . Total Part Build Rating . | . . . Parts Repaired . | . . . Time . | . . . Parts Recycled . | . . . Recycled Matter . | . . . Retrieved Matter . | . . . Retrieved Components . | . . . Parts Scanalyzed . | . . . Part Schematics Acquired . | . . . Parts Damaged . | . . . Bothacking | -11 -10 -10 ------------ Run | Yrd Mat Sub Used RIF Installer . | . . . Robots Hacked . | . . . Non-combat . | . . . Combat . | . . . Robot Hacks Applied . | . . . Relay Couplers Released . | . . . Fabnet Peak Effective % . | . . . Robots Rewired . | . . . Allies Hacked . | . . . Hacks Repelled . | . . . Allies | -11 -10 -10 -------- Run | Yrd Mat Sub Total Allies . | . . . Largest Group . | . . . Highest-Rated Group . | . . . Highest-Rated Ally . | . . . Total Orders . | . . . Ally Attacks . | . . . Total Damage . | . . . Kills . | . . . Allies Corrupted . | . . . Allies Melted . | . . . Intel | -11 -10 -10 ------- Run | Yrd Mat Sub Active Infowar (turns) . | . . . Robot Analysis Total . | . . . Derelict Logs Recovered . | . . . Drone Launches . | . . . Drone Recoveries . | . . . Exploration | -11 -10 -10 ------------- Run | Yrd Mat Sub Turns Passed 1796 | 114 544 1138 Spaces Moved 1062 | 72 302 688 Core 8 | 8 . . Treads 242 | 41 201 . Legs 4 | 4 . . Wheels 808 | 19 101 688 Hover . | . . . Flight . | . . . Fastest Speed 50 | 50 135 129 Average Speed 140 | 126 151 136 Slowest Speed 215 | 160 160 215 Overloaded Moves . | . . . Propulsion Burnouts . | . . . Robots Hopped . | . . . Potential Cave-ins . | . . . Cave-ins Triggered . | . . . Exploration Rate (%) 30 | 5 44 42 Regions Visited 2 Branch Regions 1 Pre-discovered Areas . | . . . Known Exits Taken . | . . . Unknown Exits Taken 2 | 1 1 . Scrap Searched 4 | . . 4 Spaces Dug . | . . . Terrain Destroyed 75 | . 60 15 Melee . | . . . Projectile . | . . . AOE 75 | . 60 15 Terrain Rammed . | . . . Walls Destroyed . | . . . Machines Disabled . | . . . Actions | -11 -10 -10 --------- Run | Yrd Mat Sub Total 1252 | 90 351 811 Wait 53 | . 8 45 Move 1061 | 72 301 688 Hop . | . . . Pick Up 22 | 3 11 8 Fast Attach 12 | 8 2 2 Attach 4 | . 1 3 Detach 8 | 2 2 4 Swap 12 | 2 3 7 Drop 7 | 2 . 5 Fire 73 | 1 23 49 Melee . | . . . Ram . | . . . Kick . | . . . Crush . | . . . Escape Stasis . | . . . Rewire . | . . . Trap . | . . . Miscellaneous . | . . . Route ------- -11/Scrapyard -10/Materials (discovered 2 exits: [*Mat] / [*Sub]) -10/Subcaves History --------- Turn | Location | Event 3 | -11/Scrapyard | Discovered new exit (range 16) 115 | -11/Scrapyard | Entered Materials 306 | -10/Materials | Build established: Mutant 333 | -10/Materials | Discovered new exit (range 7) 540 | -10/Materials | Discovered new exit (range 9) 615 | -10/Materials | Derelicts attacked the area 659 | -10/Materials | Entered Subcaves 660 | -10/Subcaves | Approached by a straggling Scientist 696 | -10/Subcaves | Ambushed by Subdwellers from Twisted Machinery 833 | -10/Subcaves | Shifting Twisted Machinery released Sub. Beam Cannon 882 | -10/Subcaves | Shifting Twisted Machinery released Sub. Monowheel 1041 | -10/Subcaves | Disturbed a concealed Subdweller 1042 | -10/Subcaves | Core integrity fell below 50% 1102 | -10/Subcaves | Shifting Twisted Machinery released Riot Gun 1216 | -10/Subcaves | Shifting Twisted Machinery released Spk. Treads 1780 | -10/Subcaves | Visited 4L-MR0's lab 1788 | -10/Subcaves | Core integrity fell below 20% 1797 | -10/Subcaves | Destroyed by IH-VTO(R) with Subdweller Machine Gun Last Messages --------------- 01495_ Acquired 8 matter. 01535_ 99-CU6(u) cries out in pain. 01535_ 99-CU6(u) destroyed. 01539_ Acquired 4 matter. 01626_ S7-IDE(u) tweaks Twisted Machinery. 01646_ S7-IDE(u) builds Twisted Machinery. 01690_ Dropped Broken Sub. Machine Gun. 01696_ S7-IDE(u) cries out in pain. 01696_ S7-IDE(u) destroyed. 01698_ 5J-UCL(O) collects matter. 01705_ Acquired Multitool. 01708_ Acquired Lgt. Ion Engine. 01710_ Acquired Wheel. 01771_ Searching scrap... 01771_ Found Sub. Optics. 01771_ Found 58 Matter. 01772_ Acquired 56 matter. 01780_ Wheel destroyed. 01789_ UG-UWN(R) destroyed. 01789_ Switching to secondary target: IH-VTO(R). Map ----- +----------------------------------------------------+ | ???????????????????????????????? | | ???????????????????????????????? | | ???????????????????????????????? | | ???????????????????????????????? | | ???????????????????????????????? | | ???????????????????????????????? | | ???????????????????????????????? | | ???????????????????????????????? | | ???????????????????????????????? | | ???????????????????????????????? | | ???????????????????????????????? | | ???????????????????????????????? | | ???????????????????????????????? | | ???????????????????????????????? | | ???????????????????????????????? | | ???????????????????????????????? | | ???????????????????????????????? | | ???????????????????????????????? | | ???????????????????????????????? | | ?????????????????????????####??? | | ????????????????????????? # ##?? | | ?????????????????????????? ##? | | ?????????????????????????? ## | | ??????????????????????????# # | | ?????#######?#######??????# | | ?????#<@ ### #??????# | | ?????#*%< ### ###???## | | ?????# ## <## ##?## | | ?????#R##% ## ### # | | ????? R## ! <# # | | ????? #### ## | | ????" #?# #" ## | | ???? #?# ### | | ???"" #?# #?# | | ???" #?# #"" ## ###?## | | ???# ?#" ###" ## #???## | | ???""##?#" ??# ## #??## | | ??? !???# "??## #??# | | ????#???$"#???# # #??## | | ????????##????# #### ##???### | | ??????????????## ##?? ??????? | | ???????????????###??? ?????? | | ???????????????????? ## ?????? | | ???????????????????? #????????? | | ??????????????????? ?????????? | | ???????????????????? #?????????? | | ???????????????????????????????? | | ???????????????????????????????? | | ???????????????????????????????? | | ???????????????????????????????? | +----------------------------------------------------+ Best States ------------- Heat Dissipation 25 Energy Generation 15 Energy Capacity 250 Matter Stores 300 Matter Capacity 300 Sight Range 16 Terrain Scan Density 10 Evasion (%) 44 Recoil Reduction 2 Item Schematics ----------------- None Robot Schematics ------------------ None Fabricated ------------ Nothing Repaired ---------- Nothing Alien Tech Used ----------------- None Achievements -------------- None Challenges ------------ None Game ------ Seed SkeletonDisruptionRipper Manual? 0 Play Time 00:11:05 Cumulative 89.2 hours Start 2025.06.22 @ 09:41:07 End 2025.06.22 @ 09:55:06 Sessions 1 Manual Loads 0 Difficulty Rogue Special Mode None Game No. 60 Rogue 60 Adventurer 0 Explorer 0 Win Type - Total 8 Types 2/1/2/1/1/0/0/0/0/1 Lore% 57 Gallery% 56 Achievement% 59 Wizard Run 0 Options --------- Layout 0 ASCII 0 Keyboard 1 Movement Vi Keybinds 0 Fullscreen 2 Font 18/SmallcapsGlow Map View 76x50 Zoom Use 0% Tactical HUD 1 Map Filters NONE Filters NONE Steam 1 RUN: 176ca431-9a8d-4760-9498-0e842a8e4e68